AoeStats
← DanV0123

Arabia

509933491Analyzed
2v2 RM · 4d ago on Sep 28, 2026· 60m 52s· 4 players
Game mode
Random Map
Map size
Medium (4 player)
Population
200
Speed
Normal
Resources
Standard
Victory
Conquest
Starting age
Dark Age
Ending age
Imperial Age
RankedLock teamsTeams togetherTeam positionsShared explorationLock speedFull tech treeHidden civsTurbo modeCheats
Victory
Defeat
🇨🇦 Maya · Canada
1040
+16
🇧🇦 Vikings · Bosnia & Herzegovina
972
+19
🇪🇸 Franks · Spain
1047
-18
🇪🇸 Vietnamese · Spain
1016
-17
DanV0123
7:25 Loom
10:00 Feudal Age
14:56 Double-Bit Axe
17:19 Fletching
20:57 Wheelbarrow
21:14 Town Watch
25:05 Castle Age
23:41 Forging
23:36 Scale Barding Armor
23:26 Gold Mining
25:49 Husbandry
26:05 Bow Saw
28:42 Gold Shaft Mining
28:09 Elite Skirmisher
35:09 Iron Casting
35:37 Chain Barding Armor
36:39 Town Patrol
37:04 Hand Cart
38:44 Stone Mining
45:31 Imperial Age
45:05 Bodkin Arrow
45:11 Padded Archer Armor
45:40 Cavalier
47:35 Chivalry
50:24 Murder Holes
50:50 Ballistics
50:40 Masonry
50:51 Leather Archer Armor
57:58 Caravan
TelhSon
10:49 Feudal Age
11:20 Double-Bit Axe
11:16 Horse Collar
11:55 Loom
16:14 Wheelbarrow
17:51 Forging
22:18 Castle Age
20:34 Gold Mining
20:57 Fletching
21:18 Stone Mining
21:42 Town Watch
25:54 Bodkin Arrow
28:40 Padded Archer Armor
31:20 Leather Archer Armor
34:21 Bow Saw
37:32 Imperial Age
34:48 Elite Skirmisher
38:00 Thumb Ring
38:22 Ballistics
39:32 Bracer
39:44 Imperial Skirmisher
43:05 Ring Archer Armor
47:15 Husbandry
47:26 Bloodlines
49:22 Iron Casting
50:18 Chemistry
57:34 Paper Money
57:15 Chatras
58:00 Elite Battle Elephant
ooo000ooo
0:30 Loom
11:06 Feudal Age
13:53 Fletching
17:46 Padded Archer Armor
19:03 Scale Mail Armor
24:25 Castle Age
25:13 Forging
25:03 Bodkin Arrow
24:55 Crossbowman
25:40 Eagle Warrior
26:36 Chain Mail Armor
27:23 Double-Bit Axe
31:42 Leather Archer Armor
32:37 Thumb Ring
32:39 Gold Mining
35:23 Forging
36:11 Pikeman
38:37 Iron Casting
42:38 Bow Saw
45:19 Imperial Age
42:57 Horse Collar
45:18 Ballistics
45:30 Arbalester
46:18 Bracer
46:01 Halberdier
47:56 Plate Mail Armor
50:23 Ring Archer Armor
57:47 Elite Eagle Warrior
62:10 Blast Furnace
Koksal Jr.
2:49 Loom
9:16 Feudal Age
9:45 Double-Bit Axe
10:31 Horse Collar
18:40 Castle Age
18:48 Scale Mail Armor
19:52 Bow Saw
19:13 Pikeman
20:36 Forging
20:38 Heavy Plow
22:14 Squires
24:49 Chain Mail Armor
24:28 Town Watch
24:38 Stone Mining
25:59 Gold Mining
29:15 Padded Archer Armor
32:37 Imperial Age
30:26 Fletching
31:50 Iron Casting
31:02 Arson
31:44 Elite Skirmisher
33:40 Bodkin Arrow
35:22 Chemistry
35:02 Plate Mail Armor
38:09 Ballistics
37:16 Elite Varangian Guard
38:29 Bracer
40:53 Blast Furnace
41:54 Conscription
43:57 Leather Archer Armor
44:03 Siege Engineers
43:56 Murder Holes
45:16 Chieftains
47:13 Ring Archer Armor
50:37 Elite Berserk
Connection lost

Rejoining the realm…

Still unreachable

The connection could not be restored.

Session expired

The server has moved on; the page needs a fresh start.